 Dungeon Crawl Stone Soup version 0.23-a0-636-g0ff6057 (webtiles) character file.

12364 galech the Cleaver (level 11, -9/84 HPs)
             Began as a Demonspawn Fighter on Dec 28, 2018.
             Was the Champion of Okawaru.
             Killed by divine providence
             ... invoked by a meliai
              (15 damage)
             ... on level 13 of the Dungeon.
             The game lasted 00:15:11 (9216 turns).

galech the Cleaver (Demonspawn Fighter)             Turns: 9216, Time: 00:15:13

Health: -9/84      AC: 19    Str: 20    XL:     11   Next: 61%
Magic:  11/12      EV: 19    Int:  9    God:    Okawaru [******]
Gold:   865        SH: 13    Dex: 16    Spells: 10/10 levels left

rFire    + + +     SeeInvis .   a - +0 war axe
rCold    + . .     Gourm    .   c - +0 shield
rNeg     + . .     Faith    +   I - +0 fire dragon scales
rPois    .         Spirit   .   (helmet restricted)
rElec    .         Reflect  .   i - scarf {rC+ rF+}
rCorr    .         Harm     .   N - +0 pair of gloves {Str+3}
MR       .....                  D - +0 pair of boots
Stlth    ++........             K - amulet of faith
HPRegen  0.24/turn              n - ring of positive energy
MPRegen  0.13/turn              p - +4 ring of evasion

@: about to teleport, heroism
A: antennae 1, icy blue scales 3, demonic guardian 1, powered by death 1
a: Heroism, Finesse, Renounce Religion


You were on level 13 of the Dungeon.
You worshipped Okawaru.
Okawaru was exalted by your worship.
You were hungry.

You visited 2 branches of the dungeon, and saw 14 of its levels.

You collected 865 gold pieces.

Inventory:

Hand Weapons
 a - a +0 war axe (weapon)
Armour
 c - a +0 shield (worn)
 i - a scarf of resistance (worn)
 t - a +2 ring mail of magic resistance
 B - a +2 ring mail of cold resistance
 D - a +0 pair of boots (worn)
 I - +0 fire dragon scales (worn)
 N - a +0 pair of gloves of strength (worn)
Jewellery
 n - a ring of positive energy (left hand)
 p - a +4 ring of evasion (right hand)
 C - an uncursed ring of stealth
 G - an uncursed ring of protection from cold
 H - an uncursed ring of fire
 K - an amulet of faith (around neck)
Wands
 b - a wand of clouds (6)
 E - a wand of scattershot (3)
 F - a wand of disintegration (9)
 L - a wand of digging (4)
 P - a wand of iceblast (8)
Scrolls
 h - a scroll of noise
 j - 6 scrolls of random uselessness
 k - 6 scrolls of teleportation
 l - 2 scrolls of fear
 o - 2 scrolls of amnesia
 r - 3 scrolls of remove curse
 v - 3 scrolls of enchant armour
 w - a scroll of enchant weapon
 y - 2 scrolls of magic mapping
 z - 2 scrolls of summoning
 M - a scroll of holy word
Potions
 d - 2 potions of might
 m - 2 potions of curing
 q - 2 potions of lignification {unknown}
 s - a potion of degeneration {unknown}
 u - a potion of haste {unknown}
 x - 3 potions of agility {unknown}
 A - 2 potions of magic {unknown}
 J - a potion of brilliance {unknown}
 O - 2 potions of mutation {unknown}
 Q - a potion of flight {unknown}
Comestibles
 f - 18 rations
 R - 8 chunks of flesh


   Skills:
 + Level 7.3(12.3) Fighting
 + Level 11.6(16.6) Axes
 + Level 7.0(12.0) Armour
 + Level 4.6(9.6) Dodging
 + Level 2.3(7.3) Stealth
 + Level 7.6(12.6) Shields
 + Level 2.3 Invocations


You had 10 spell levels left.
You didn't know any spells.
Your spell library contained the following spells:

 Spells                   Type           Power        Failure   Level  Hunger
 Animate Skeleton         Necr           N/A          83%         1    ##.....
 Beastly Appendage        Tmut           #.....       83%         1    ##.....
 Flame Tongue             Conj/Fire      #....        83%         1    ##.....
 Pain                     Necr           #...         83%         1    ##.....
 Sticks to Snakes         Tmut           #.......     92%         2    ###....
 Throw Flame              Conj/Fire      #.....       92%         2    ###....
 Conjure Flame            Conj/Fire      #.......     99%         3    ####...
 Inner Flame              Hex/Fire       #.......     99%         3    ####...
 Regeneration             Chrm/Necr      #.........   99%         3    ####...
 Spider Form              Tmut/Pois      #.........   99%         3    ####...
 Vampiric Draining        Necr           #.........   99%         3    ####...
 Animate Dead             Necr           N/A          100%        4    #####..
 Ice Form                 Ice/Tmut       #.......     100%        4    #####..
 Sticky Flame             Conj/Fire      #.......     100%        4    #####..
 Blade Hands              Tmut           #.........   100%        5    ######.
 Fireball                 Conj/Fire      #.........   100%        5    ######.


Dungeon Overview and Level Annotations

Branches:
Dungeon (14/15)            Temple (1/1) D:4            Lair (0/6) D:8
    Orc (0/2) D:9
 Vaults: D:13-14

Altars:
Ashenzari
Cheibriados
Dithmenos
Elyvilon
Fedhas
Gozag
Hepliaklqana
Kikubaaqudgha
Makhleb
Nemelex Xobeh
Okawaru
Qazlal
Ru
Trog
Uskayaw
Vehumet
Wu Jian
Xom
Yredelemnul
Zin
The Shining One

Shops:
D:7 }   D:9 :


Innate Abilities, Weirdness & Mutations

You have a pair of small antennae on your head.
You are completely covered in icy blue scales. (AC +4, rC+)
A weak demonic guardian rushes to your aid.
You regenerate a little health from kills.


Message History

You are poisoned.
The meliai poisons you!
You feel sick.
The meliai calls upon its god to heal the meliai.
The meliai's wounds heal themselves!
You are feeling hungry.
You feel sick.
The meliai calls down the wrath of its god upon you.
Something smites you!
* * * LOW HITPOINT WARNING * * *
The meliai calls upon its god to heal the meliai.
The meliai is healed somewhat.
The meliai hits you but does no damage.
The meliai stings you but does no damage.
You feel better.
The meliai calls down the wrath of its god upon you.
Something smites you!
* * * LOW HITPOINT WARNING * * *
The meliai mumbles some strange prayers to its god against you.
Something smites you!
You die...

#.# #.#
#.# #.#
#.# #.#
#.# #.#
########@#
.......yy#
..####+#.#
#Hy......
#.......#
#.......#
#.#######
#.# #.+


You could see a hippogriff and 3 meliai.

Vanquished Creatures
  Erolcha (D:10)
  A two-headed ogre (D:9)
  An ugly thing (D:11)
  A centaur zombie (D:11)
  Psyche (D:8)
  A troll (D:9)
  9 hippogriffs
  A spriggan (D:9)
  10 yaks
  2 wyverns
  Eustachio (D:6)
  A hungry ghost (D:7)
  A porcupine (D:8)
  2 ice beasts
  8 orc warriors
  2 sky beasts
  3 black bears
  2 phantoms
  6 ogres
  4 centaurs
  A big kobold (D:6)
  8 bullfrogs
  4 scorpions
  4 killer bees (D:7)
  A wight (D:5)
  A howler monkey (D:4)
  3 crimson imps
  3 bullfrog zombies
  7 hounds
  3 jellies
  4 centaur skeletons
  5 orc priests
  11 orc wizards
  Jessica (D:2)
  3 iguanas
  9 worker ants
  A hound zombie (D:6)
  A hound skeleton (D:4)
  2 gnolls (D:5)
  13 adders
  A shadow imp (D:9)
  An ooze (D:3)
  An adder zombie (D:7)
  2 adder skeletons
  3 worms
  5 dart slugs
  11 leopard geckos
  52 orcs
  5 giant cockroaches
  8 goblins
  7 hobgoblins
  A jackal (D:2)
  6 quokkas
  2 ball pythons (D:1)
  8 bats
  7 frilled lizards
  28 kobolds
  4 rats
  4 fungi (D:8)
299 creatures vanquished.

Vanquished Creatures (collateral kills)
  Urug (D:10)
  Grinder (D:5)
  An ice beast (D:6)
  A phantom (D:4)
  A centaur (D:9)
  2 bullfrogs (D:8)
  A scorpion (D:5)
  A crimson imp (D:5)
  2 orc wizards
  2 worker ants
  A gnoll (D:5)
  An adder (D:6)
  2 orcs
  A giant cockroach (D:7)
  A quokka (D:5)
19 creatures vanquished.

Vanquished Creatures (others)
  An ogre (D:6)
  A howler monkey (D:6)
  An orc wizard (D:6)
3 creatures vanquished.

Grand Total: 321 creatures vanquished

Notes
Turn   | Place    | Note
-------+----------+-------------------------------------------
     0 | D:1      | galech the Demonspawn Fighter began the quest for the Orb.
     0 | D:1      | Reached XP level 1. HP: 18/18 MP: 1/1
    55 | D:1      | Gained mutation: You are partially covered in icy blue
                  | scales. (AC +2) [demonic ancestry]
    55 | D:1      | Reached XP level 2. HP: 22/24 MP: 2/2
   203 | D:1      | Reached skill level 2 in Axes
   568 | D:2      | Reached XP level 3. HP: 29/29 MP: 3/3
   635 | D:2      | Noticed Jessica
   644 | D:2      | Killed Jessica
   832 | D:2      | Gained mutation: You have a pair of small antennae on your
                  | head. [demonic ancestry]
   832 | D:2      | Reached XP level 4. HP: 35/35 MP: 4/4
  1536 | D:3      | Reached skill level 3 in Axes
  1545 | D:2      | Gained mutation: You regenerate a little health from kills.
                  | [demonic ancestry]
  1545 | D:2      | Reached XP level 5. HP: 38/41 MP: 5/5
  1862 | D:3      | Found a burning altar of Makhleb.
  2003 | D:3      | Found a shadowy altar of Dithmenos.
  2178 | D:4      | Gained mutation: A weak demonic guardian rushes to your
                  | aid. [demonic ancestry]
  2178 | D:4      | Reached XP level 6. HP: 48/48 MP: 6/6
  2196 | D:4      | Reached skill level 4 in Axes
  2242 | D:4      | Reached skill level 1 in Dodging
  2256 | D:4      | Found a stormy altar of Qazlal.
  2448 | D:4      | Found a staircase to the Ecumenical Temple.
  2472 | Temple   | Entered the Ecumenical Temple
  2506 | Temple   | Became a worshipper of Warmaster Okawaru
  2743 | D:4      | Gained mutation: You are mostly covered in icy blue scales.
                  | (AC +3) [demonic ancestry]
  2743 | D:4      | Reached XP level 7. HP: 41/54 MP: 7/7
  2929 | D:4      | Reached skill level 5 in Axes
  2956 | D:4      | Noticed a hippogriff
  2964 | D:4      | Killed a hippogriff
  2964 | D:4      | Reached * piety under Okawaru
  2969 | D:4      | Reached skill level 1 in Stealth
  2975 | D:4      | Reached XP level 8. HP: 52/60 MP: 8/8
  3091 | D:5      | Entered Level 5 of the Dungeon
  3108 | D:5      | Found a large runed door.
  3108 | D:5      | Found a large runed door.
  3125 | D:5      | Found a large runed door.
  3125 | D:5      | Found a large runed door.
  3213 | D:5      | Reached skill level 6 in Axes
  3363 | D:5      | Reached ** piety under Okawaru
  3417 | D:5      | Noticed Grinder
  3419 | D:5      | Paralysed by Grinder for 6 turns
  3455 | D:5      | Paralysed by Grinder for 6 turns
  3472 | D:5      | Killed Grinder
  3633 | D:5      | Reached skill level 5 in Shields
  3646 | D:5      | Reached skill level 7 in Axes
  4005 | D:5      | Reached *** piety under Okawaru
  4005 | D:5      | Reached skill level 5 in Fighting
  4175 | D:6      | Reached XP level 9. HP: 68/68 MP: 9/9
  4422 | D:6      | Reached skill level 8 in Axes
  4778 | D:6      | Noticed Eustachio
  4798 | D:6      | Killed Eustachio
  4905 | D:6      | Found a shimmering altar of Xom.
  4934 | D:6      | Found a basalt altar of Yredelemnul.
  4938 | D:6      | Reached **** piety under Okawaru
  5393 | D:7      | Found Vixas's Gadget Emporium.
  5797 | D:7      | Reached skill level 5 in Armour
  6132 | D:7      | You fall through a shaft for 3 floors!
  6132 | D:10     | Entered Level 10 of the Dungeon
  6132 | D:10     | Noticed Erolcha
  6149 | D:10     | Reached skill level 9 in Axes
  6151 | D:10     | Killed Erolcha
  6151 | D:10     | Reached ***** piety under Okawaru
  6151 | D:10     | Received a gift from Okawaru
  6151 | D:10     | Reached XP level 10. HP: 58/76 MP: 9/11
  6471 | D:8      | Found a hazy altar of Hepliaklqana.
  6509 | D:8      | Found a bloodstained altar of Trog.
  6656 | D:7      | Found a glowing silver altar of Zin.
  6903 | D:8      | Noticed Psyche
  6915 | D:8      | Paralysed by Psyche for 3 turns
  6922 | D:8      | Killed Psyche
  6922 | D:8      | Reached skill level 10 in Axes
  7076 | D:8      | Found an opulent altar of Gozag.
  7077 | D:8      | Found a sparkling altar of Nemelex Xobeh.
  7126 | D:8      | Found a staircase to the Lair.
  7391 | D:9      | Found a staircase to the Orcish Mines.
  7457 | D:9      | Noticed a two-headed ogre
  7464 | D:9      | Killed a two-headed ogre
  7533 | D:9      | Found a shadowy altar of Dithmenos.
  7640 | D:9      | Reached ****** piety under Okawaru
  7704 | D:9      | Received a gift from Okawaru
  7713 | D:9      | Gained mutation: You are completely covered in icy blue
                  | scales. (AC +4, rC+) [demonic ancestry]
  7713 | D:9      | Reached XP level 11. HP: 83/83 MP: 12/12
  7801 | D:9      | Found Ibiys's Book Shoppe.
  8411 | D:10     | Reached skill level 11 in Axes
  8517 | D:10     | Noticed Urug
  8533 | D:10     | Killed Urug
  8806 | D:11     | Noticed a red ugly thing
  8824 | D:11     | Killed a red ugly thing
  9131 | D:11     | You fall through a shaft for 3 floors!
  9168 | D:14     | Noticed a cyan ugly thing
  9168 | D:14     | Noticed a cyan ugly thing
  9168 | D:14     | Noticed a cyan ugly thing
  9216 | D:13     | Killed from afar by a meliai

Vault maps used:
D:1:      saegor_arrival_simple_a
D:2:      first_ration, minmay_vboxes, uniq_jessica
D:3:      lemuel_crystal_altar, grunt_dithmenos_smoke
D:4:      minmay_bubble_buster, grunt_qazlal_clouds
D:5:      minmay_hollow_rounded_squares, uniq_grinder
D:6:      kennysheep_kobold_camp, lemuel_round_altar,
          chequers_serial_rivers_micro_c, hex_large, xom_confusion_cloud,
          uniq_eustachio
D:7:      zin_statuary, serial_shops, shop_fountains
D:8:      nicolae_overflow_crystal_walls, bloody_trog,
          grunt_temple_overflow_opulence, grunt_lair_entry_orc_guard_hut,
          st_stairs_9, uniq_psyche
D:9:      lemuel_crystal_altar, orc_0_dummy, serial_shops, shop, special_room,
          grunt_pizzeria
D:10:     uniq_urug, uniq_erolcha
D:11:     serial_shops, shop, uniq_snorg
D:13:     grunt_vaults_entry_tiered
D:14:     serial_glass, glass_columns_b, glass_columns_a, glass_columns_b,
          glass_columns_a, glass_columns_c, glass_columns_a, glass_columns_a,
          glass_columns_a
Temple:   cyrus_circular_temple

Skill      XL: |  1  2  3  4  5  6  7  8  9 10 11 |
---------------+----------------------------------+-----
Shields        | 3 4 5 6 7 |  7.6
Axes           | 2 3 4 5 7 9 10 11 | 11.6
Armour         | 3 4 5 6 7 |  7.0
Dodging        | 1 2 3 4 |  4.6
Fighting       | 4 5 6 7 |  7.3
Stealth        | 1 2 |  2.3
Invocations    | 2 |  2.3

Action                   |  1- 3 |  4- 6 |  7- 9 | 10-12 || total
-------------------------+-------+-------+-------+-------++-------
Melee: War axe           |    78 |   262 |   477 |   422 ||  1239
Invok: Heroism           |       |       |     3 |     6 ||     9
  Use: Potion            |       |       |     1 |     3 ||     4
       Scroll            |       |       |       |    14 ||    14
 Stab: Distracted        |       |       |     4 |     2 ||     6
       Sleeping          |       |       |     1 |       ||     1
  Eat: Chunk             |       |     7 |    10 |    12 ||    29
       Ration            |       |       |     1 |       ||     1
Armor: Scale mail        |    41 |    83 |       |       ||   124
       Ring mail         |       |    49 |   140 |       ||   189
       Fire dragon scale |       |       |    24 |   181 ||   205
Dodge: Dodged            |    21 |   146 |   254 |   250 ||   671
Block: Shield            |    41 |   150 |   260 |   272 ||   723

Table legend:
 A = Non-vault XP
 B = Vault XP
 C = Vault XP percentage of total XP
 D = Non-vault monster count
 E = Vault monster count
 F = Vault count percentage of total count
                 A         B        C        D         E       F
            +---------+---------+-------+---------+---------+-------
      Total |   11627 |    6036 |  34.2 |     215 |      99 |  31.5
            +---------+---------+-------+---------+---------+-------
        D:1 |      34 |       0 |   0.0 |      18 |       0 |   0.0
        D:2 |     108 |      68 |  38.6 |      24 |      11 |  31.4
        D:3 |     162 |       0 |   0.0 |      28 |       0 |   0.0
        D:4 |     394 |     716 |  64.5 |      23 |      14 |  37.8
        D:5 |     475 |     840 |  63.9 |      15 |      12 |  44.4
        D:6 |     789 |     575 |  42.2 |      20 |      26 |  56.5
        D:7 |    1003 |       0 |   0.0 |      19 |       0 |   0.0
        D:8 |     993 |    1134 |  53.3 |      17 |       8 |  32.0
        D:9 |    2031 |     970 |  32.3 |      15 |      26 |  63.4
       D:10 |    2789 |    1733 |  38.3 |      19 |       2 |   9.5
       D:11 |    2626 |       0 |   0.0 |      16 |       0 |   0.0
       D:14 |     223 |       0 |   0.0 |       1 |       0 |   0.0
            +---------+---------+-------+---------+---------+-------
